2984 views
Uploaded 2020-03-29 20:16:18
Game version 1.32.3
50:32 long 3on3 ladder game on (6)StranglethornVale
Saved by TIMG4STRok
2984 views
Uploaded 2020-03-29 20:16:18
Game version 1.32.3
50:32 long 3on3 ladder game on (6)StranglethornVale


101 units @ 11.7k
/ 1.1k
301 buildings @ 19.2k
/ 9.9k



x1)
| Lesser Clarity Potion | 1 | 70 |
| Staff of Sanctuary | 3 | 750 |
| Orb of Fire | 2 | 650 |
| Scroll of Regeneration | 1 | 100 |
| Boots of Speed | 3 | 750 |
| Staff of Teleportation | 3 | 450 |
| Tome of Retraining | 1 | 300 |
| Circlet of Nobility | 2 | 350 |
| Periapt of Vitality | 2 | 650 |
| Healing Salve | 1 | 100 |
| total: | 19 | 4170g |
| Peasant | 22 | 1650 | / | 0 |
| Priest | 2 | 270 | / | 20 |
| Dragonhawk Rider | 7 | 1400 | / | 210 |
| total: | 31 | 3320g | / | 230w |
| Scout Tower | 126 | 3780 | / | 2520 |
| Arcane Tower | 6 | 420 | / | 300 |
| Guard Tower | 37 | 2590 | / | 1850 |
| Altar of Kings | 2 | 360 | / | 100 |
| Farm | 12 | 960 | / | 240 |
| Lumber Mill | 1 | 120 | / | 0 |
| Town Hall | 1 | 385 | / | 205 |
| Arcane Vault | 4 | 520 | / | 120 |
| Blacksmith | 1 | 140 | / | 60 |
| Barracks | 1 | 160 | / | 60 |
| Arcane Sanctum | 1 | 150 | / | 140 |
| Gryphon Aviary | 3 | 420 | / | 450 |
| Keep | 2 | 640 | / | 420 |
| Castle | 1 | 360 | / | 210 |
| total: | 152 | 6995g | / | 3895w |
| 0:03 | Peasant |
| 0:03 | Peasant |
| 0:07 | Altar of Kings |
| 0:10 | Farm |
| 0:13 | Peasant |
| 0:32 | Peasant |
| 0:45 | Peasant |
| 0:52 | Peasant |
| 0:52 | Peasant |
| 0:59 | Farm |
| 1:11 | Scout Tower |
| 1:20 | Lumber Mill |
| 1:24 | Peasant |
| 1:35 | Scout Tower |
| 1:36 | Peasant |
| 1:40 | Arcane Tower |
| 1:49 | Peasant |
| 1:57 | Peasant |
| 2:04 | Arcane Tower |
| 2:07 | Scout Tower |
| 2:13 | Blizzard |
| 2:16 | Peasant |
| 2:32 | Guard Tower |
| 2:34 | Scout Tower |
| 2:39 | Peasant |
| 2:44 | Scout Tower |
| 2:52 | Scout Tower |
| 2:53 | Peasant |
| 2:57 | Improved Masonry |
| 3:13 | Guard Tower |
| 3:16 | Scout Tower |
| 3:23 | Arcane Tower |
| 3:38 | Guard Tower |
| 3:43 | Scout Tower |
| 3:44 | Guard Tower |
| 4:17 | Summon Water Elemental |
| 4:24 | Peasant |
| 4:36 | Town Hall |
| 4:43 | Guard Tower |
| 4:47 | Scout Tower |
| 5:16 | Guard Tower |
| 5:17 | Scout Tower |
| 5:47 | Boots of Speed |
| 5:47 | Staff of Teleportation |
| 5:52 | Guard Tower |
| 5:53 | Scout Tower |
| 5:56 | Keep |
| 5:58 | Peasant |
| 5:58 | Peasant |
| 6:04 | Scout Tower |
| 6:06 | Scout Tower |
| 6:10 | Scout Tower |
| 6:21 | Guard Tower |
| 6:26 | Scout Tower |
| 7:27 | Tome of Retraining |
| 7:27 | Retrain Hero |
| 7:35 | Blizzard |
| 7:36 | Brilliance Aura |
| 7:42 | Arcane Tower |
| 7:47 | Arcane Vault |
| 7:52 | Peasant |
| 7:52 | Peasant |
| 7:54 | Guard Tower |
| 7:56 | Scout Tower |
| 7:57 | Scout Tower |
| 8:01 | Farm |
| 8:02 | Farm |
| 8:52 | Blizzard |
| 9:03 | Scout Tower |
| 9:03 | Scout Tower |
| 9:06 | Arcane Sanctum |
| 9:08 | Castle |
| 9:10 | Guard Tower |
| 9:14 | Scout Tower |
| 9:18 | Peasant |
| 9:19 | Peasant |
| 9:23 | Improved Lumber Harvesting |
| 9:28 | Arcane Vault |
| 9:29 | Arcane Vault |
| 9:30 | Arcane Vault |
| 9:36 | Guard Tower |
| 9:48 | Peasant |
| 9:51 | Guard Tower |
| 9:55 | Storm Bolt |
| 10:33 | Scout Tower |
| 10:34 | Scout Tower |
| 10:37 | Magic Sentry |
| 10:38 | Advanced Masonry |
| 11:11 | Guard Tower |
| 11:13 | Scout Tower |
| 11:14 | Scout Tower |
| 11:14 | Scout Tower |
| 11:15 | Scout Tower |
| 11:18 | Priest Adept Training |
| 11:18 | Priest |
| 11:31 | Scout Tower |
| 11:31 | Scout Tower |
| 11:40 | Guard Tower |
| 11:43 | Scout Tower |
| 11:47 | Advanced Lumber Harvesting |
| 11:49 | Guard Tower |
| 12:01 | Boots of Speed |
| 12:01 | Staff of Teleportation |
| 12:01 | Circlet of Nobility |
| 12:09 | Healing Salve |
| 12:09 | Lesser Clarity Potion |
| 12:15 | Guard Tower |
| 12:21 | Guard Tower |
| 12:28 | Scout Tower |
| 12:29 | Scout Tower |
| 12:30 | Scout Tower |
| 12:30 | Scout Tower |
| 12:45 | Guard Tower |
| 12:48 | Scout Tower |
| 12:48 | Scout Tower |
| 12:54 | Staff of Sanctuary |
| 12:56 | Orb of Fire |
| 13:01 | Imbued Masonry |
| 13:08 | Scout Tower |
| 13:08 | Scout Tower |
| 13:13 | Scout Tower |
| 13:14 | Scout Tower |
| 14:05 | Guard Tower |
| 14:08 | Guard Tower |
| 14:16 | Holy Light |
| 14:23 | Scout Tower |
| 14:24 | Scout Tower |
| 14:24 | Scout Tower |
| 14:25 | Scout Tower |
| 14:25 | Scout Tower |
| 14:25 | Scout Tower |
| 14:28 | Staff of Sanctuary |
| 14:28 | Orb of Fire |
| 14:54 | Boots of Speed |
| 15:00 | Staff of Sanctuary |
| 15:30 | Periapt of Vitality |
| 15:30 | Circlet of Nobility |
| 15:31 | Staff of Teleportation |
| 15:39 | Scout Tower |
| 15:40 | Scout Tower |
| 15:40 | Scout Tower |
| 15:41 | Scout Tower |
| 15:41 | Scout Tower |
| 15:42 | Scout Tower |
| 16:23 | Guard Tower |
| 16:24 | Scout Tower |
| 16:25 | Scout Tower |
| 16:26 | Scout Tower |
| 16:26 | Scout Tower |
| 16:43 | Scout Tower |
| 16:44 | Scout Tower |
| 16:45 | Scout Tower |
| 16:56 | Scout Tower |
| 16:57 | Scout Tower |
| 16:57 | Scout Tower |
| 16:58 | Scout Tower |
| 16:59 | Scout Tower |
| 16:59 | Scout Tower |
| 17:00 | Scout Tower |
| 17:00 | Scout Tower |
| 17:00 | Scout Tower |
| 17:01 | Scout Tower |
| 17:02 | Scout Tower |
| 17:02 | Scout Tower |
| 17:02 | Scout Tower |
| 17:03 | Scout Tower |
| 17:10 | Guard Tower |
| 18:42 | Bash |
| 19:04 | Guard Tower |
| 19:09 | Guard Tower |
| 19:16 | Scout Tower |
| 19:16 | Scout Tower |
| 19:17 | Scout Tower |
| 19:18 | Scout Tower |
| 19:19 | Scout Tower |
| 19:19 | Scout Tower |
| 19:20 | Scout Tower |
| 19:22 | Scout Tower |
| 19:22 | Scout Tower |
| 19:23 | Scout Tower |
| 19:24 | Scout Tower |
| 19:24 | Scout Tower |
| 19:25 | Scout Tower |
| 19:25 | Scout Tower |
| 19:26 | Scout Tower |
| 20:05 | Guard Tower |
| 20:10 | Gryphon Aviary |
| 20:11 | Blacksmith |
| 20:14 | Barracks |
| 20:29 | Divine Shield |
| 20:34 | Guard Tower |
| 20:42 | Scroll of Regeneration |
| 20:52 | Guard Tower |
| 21:21 | Scout Tower |
| 21:22 | Scout Tower |
| 21:22 | Scout Tower |
| 21:23 | Scout Tower |
| 21:43 | Studded Leather Armor |
| 21:44 | Dragonhawk Rider |
| 21:44 | Dragonhawk Rider |
| 21:44 | Dragonhawk Rider |
| 21:46 | Animal War Training |
| 21:47 | Farm |
| 22:12 | Guard Tower |
| 22:13 | Scout Tower |
| 22:14 | Scout Tower |
| 22:15 | Scout Tower |
| 22:15 | Scout Tower |
| 22:19 | Scout Tower |
| 22:20 | Scout Tower |
| 22:20 | Scout Tower |
| 22:22 | Scout Tower |
| 22:22 | Scout Tower |
| 22:23 | Scout Tower |
| 22:42 | Dragonhawk Rider |
| 22:47 | Dragonhawk Rider |
| 23:03 | Arcane Tower |
| 23:20 | Scout Tower |
| 23:21 | Scout Tower |
| 23:22 | Scout Tower |
| 23:22 | Scout Tower |
| 23:22 | Scout Tower |
| 23:23 | Scout Tower |
| 23:23 | Scout Tower |
| 24:07 | Guard Tower |
| 24:32 | Scout Tower |
| 24:32 | Scout Tower |
| 24:33 | Scout Tower |
| 24:35 | Guard Tower |
| 24:37 | Scout Tower |
| 24:38 | Scout Tower |
| 24:38 | Scout Tower |
| 24:39 | Scout Tower |
| 24:41 | Scout Tower |
| 24:41 | Scout Tower |
| 24:42 | Scout Tower |
| 24:43 | Scout Tower |
| 24:43 | Scout Tower |
| 24:44 | Guard Tower |
| 24:51 | Dragonhawk Rider |
| 24:51 | Dragonhawk Rider |
| 25:16 | Guard Tower |
| 25:19 | Scout Tower |
| 25:20 | Scout Tower |
| 25:21 | Scout Tower |
| 25:21 | Scout Tower |
| 25:37 | Guard Tower |
| 25:39 | Scout Tower |
| 25:39 | Scout Tower |
| 25:48 | Guard Tower |
| 26:22 | Brilliance Aura |
| 26:47 | Guard Tower |
| 26:49 | Guard Tower |
| 27:17 | Guard Tower |
| 27:22 | Priest |
| 27:48 | Reinforced Leather Armor |
| 30:28 | Storm Bolt |
| 32:50 | Altar of Kings |
| 32:54 | Gryphon Aviary |
| 32:55 | Gryphon Aviary |
| 33:31 | Farm |
| 33:32 | Farm |
| 35:29 | Farm |
| 35:30 | Farm |
| 35:30 | Farm |
| 37:51 | Farm |
| 37:52 | Farm |
| 40:07 | Periapt of Vitality |
| 41:33 | Holy Light |
| 47:29 | Brilliance Aura |
| 48:20 | Bash |
| Right click | 6068 |
| Select group | 4014 |
| Select | 557 |
| Use ability | 238 |
| Build/train/purchase | 156 |
| Chat | 41 |
| Misc. action | 36 |
| Minimap ping | 36 |
| Resource trade | 31 |
| Assign group | 20 |
| Item give/drop | 1 |
BEARAND
(50:31) : 


| Potion of Healing | 1 | 150 |
| Scroll of Regeneration | 1 | 100 |
| Lesser Clarity Potion | 1 | 70 |
| Staff of Sanctuary | 3 | 750 |
| Orb of Fire | 1 | 325 |
| Boots of Speed | 3 | 750 |
| Staff of Teleportation | 3 | 450 |
| Healing Salve | 2 | 200 |
| total: | 15 | 2795g |
| Peasant | 18 | 1350 | / | 0 |
| Priest | 1 | 135 | / | 10 |
| Gryphon Rider | 5 | 1400 | / | 350 |
| Dragonhawk Rider | 14 | 2800 | / | 420 |
| total: | 38 | 5685g | / | 780w |
| Scout Tower | 77 | 2310 | / | 1540 |
| Arcane Tower | 2 | 140 | / | 100 |
| Guard Tower | 46 | 3220 | / | 2300 |
| Altar of Kings | 1 | 180 | / | 50 |
| Farm | 12 | 960 | / | 240 |
| Lumber Mill | 1 | 120 | / | 0 |
| Arcane Vault | 1 | 130 | / | 30 |
| Town Hall | 1 | 385 | / | 205 |
| Blacksmith | 1 | 140 | / | 60 |
| Barracks | 1 | 160 | / | 60 |
| Arcane Sanctum | 1 | 150 | / | 140 |
| Gryphon Aviary | 2 | 280 | / | 300 |
| Keep | 1 | 320 | / | 210 |
| Castle | 1 | 360 | / | 210 |
| total: | 98 | 4815g | / | 2625w |
| 0:01 | Peasant |
| 0:01 | Peasant |
| 0:08 | Altar of Kings |
| 0:17 | Farm |
| 0:19 | Peasant |
| 0:32 | Peasant |
| 0:35 | Peasant |
| 0:51 | Lumber Mill |
| 0:52 | Peasant |
| 1:04 | Peasant |
| 1:18 | Farm |
| 1:23 | Scout Tower |
| 1:26 | Scout Tower |
| 1:30 | Peasant |
| 1:43 | Peasant |
| 1:46 | Peasant |
| 1:49 | Arcane Tower |
| 1:57 | Peasant |
| 2:02 | Scout Tower |
| 2:07 | Blizzard |
| 2:15 | Guard Tower |
| 2:19 | Peasant |
| 2:19 | Peasant |
| 2:36 | Scout Tower |
| 2:41 | Guard Tower |
| 2:55 | Scout Tower |
| 2:56 | Scout Tower |
| 2:57 | Scout Tower |
| 3:01 | Peasant |
| 3:28 | Guard Tower |
| 3:36 | Brilliance Aura |
| 3:38 | Guard Tower |
| 4:08 | Keep |
| 4:10 | Arcane Vault |
| 4:16 | Scout Tower |
| 4:45 | Guard Tower |
| 4:46 | Guard Tower |
| 4:47 | Scout Tower |
| 5:02 | Farm |
| 5:05 | Improved Masonry |
| 5:13 | Boots of Speed |
| 5:13 | Staff of Teleportation |
| 5:47 | Blizzard |
| 6:07 | Farm |
| 6:20 | Town Hall |
| 6:22 | Scout Tower |
| 6:30 | Scout Tower |
| 6:42 | Guard Tower |
| 7:05 | Guard Tower |
| 7:08 | Scout Tower |
| 7:08 | Scout Tower |
| 7:48 | Arcane Tower |
| 7:49 | Peasant |
| 7:54 | Scout Tower |
| 8:02 | Improved Lumber Harvesting |
| 8:03 | Peasant |
| 8:03 | Peasant |
| 8:07 | Guard Tower |
| 8:08 | Guard Tower |
| 8:51 | Boots of Speed |
| 8:51 | Staff of Teleportation |
| 8:56 | Storm Bolt |
| 9:02 | Arcane Sanctum |
| 9:09 | Guard Tower |
| 9:13 | Peasant |
| 9:25 | Potion of Healing |
| 9:32 | Scout Tower |
| 9:33 | Scout Tower |
| 9:33 | Scout Tower |
| 9:36 | Castle |
| 9:41 | Scout Tower |
| 9:42 | Scout Tower |
| 9:47 | Scout Tower |
| 9:48 | Scout Tower |
| 10:46 | Healing Salve |
| 11:04 | Guard Tower |
| 11:04 | Guard Tower |
| 11:06 | Gryphon Aviary |
| 11:07 | Priest |
| 11:07 | Magic Sentry |
| 11:09 | Scroll of Regeneration |
| 11:26 | Lesser Clarity Potion |
| 11:33 | Scout Tower |
| 11:33 | Scout Tower |
| 11:34 | Scout Tower |
| 11:34 | Scout Tower |
| 12:00 | Gryphon Aviary |
| 12:01 | Blacksmith |
| 12:02 | Barracks |
| 12:03 | Farm |
| 12:59 | Healing Salve |
| 13:15 | Iron Forged Swords |
| 13:21 | Holy Light |
| 13:25 | Staff of Sanctuary |
| 14:05 | Boots of Speed |
| 14:05 | Staff of Teleportation |
| 14:18 | Gryphon Rider |
| 14:19 | Gryphon Rider |
| 14:20 | Storm Hammers |
| 14:34 | Guard Tower |
| 14:50 | Guard Tower |
| 14:53 | Guard Tower |
| 14:53 | Guard Tower |
| 15:22 | Gryphon Rider |
| 15:25 | Animal War Training |
| 16:12 | Staff of Sanctuary |
| 16:18 | Orb of Fire |
| 16:21 | Guard Tower |
| 16:30 | Advanced Masonry |
| 16:34 | Guard Tower |
| 16:56 | Steel Forged Swords |
| 17:29 | Scout Tower |
| 17:30 | Scout Tower |
| 18:06 | Bash |
| 19:02 | Brilliance Aura |
| 19:22 | Mithril Forged Swords |
| 19:57 | Scout Tower |
| 19:57 | Scout Tower |
| 20:26 | Staff of Sanctuary |
| 20:27 | Guard Tower |
| 20:35 | Dragonhawk Rider |
| 20:36 | Dragonhawk Rider |
| 20:45 | Scout Tower |
| 20:46 | Scout Tower |
| 20:47 | Scout Tower |
| 20:49 | Scout Tower |
| 20:50 | Scout Tower |
| 20:50 | Scout Tower |
| 21:01 | Dragonhawk Rider |
| 21:07 | Studded Leather Armor |
| 21:31 | Guard Tower |
| 21:32 | Scout Tower |
| 21:33 | Scout Tower |
| 21:34 | Scout Tower |
| 21:36 | Dragonhawk Rider |
| 21:36 | Dragonhawk Rider |
| 22:01 | Guard Tower |
| 22:20 | Guard Tower |
| 22:45 | Guard Tower |
| 24:37 | Dragonhawk Rider |
| 24:37 | Dragonhawk Rider |
| 25:08 | Dragonhawk Rider |
| 25:15 | Divine Shield |
| 27:20 | Guard Tower |
| 27:22 | Scout Tower |
| 29:04 | Guard Tower |
| 30:49 | Dragonhawk Rider |
| 30:51 | Dragonhawk Rider |
| 32:05 | Dragonhawk Rider |
| 32:37 | Farm |
| 32:37 | Farm |
| 32:38 | Farm |
| 32:39 | Farm |
| 32:39 | Farm |
| 32:39 | Farm |
| 32:40 | Farm |
| 33:41 | Scout Tower |
| 33:41 | Scout Tower |
| 33:42 | Scout Tower |
| 33:42 | Scout Tower |
| 33:43 | Scout Tower |
| 33:44 | Scout Tower |
| 33:44 | Scout Tower |
| 33:45 | Scout Tower |
| 33:45 | Scout Tower |
| 33:45 | Scout Tower |
| 33:46 | Scout Tower |
| 33:46 | Scout Tower |
| 33:53 | Imbued Masonry |
| 34:03 | Storm Bolt |
| 34:37 | Holy Light |
| 34:44 | Brilliance Aura |
| 35:08 | Guard Tower |
| 38:30 | Guard Tower |
| 38:32 | Scout Tower |
| 38:32 | Scout Tower |
| 38:32 | Scout Tower |
| 38:33 | Scout Tower |
| 40:12 | Scout Tower |
| 40:13 | Scout Tower |
| 40:13 | Scout Tower |
| 40:13 | Scout Tower |
| 40:14 | Scout Tower |
| 40:14 | Scout Tower |
| 40:15 | Scout Tower |
| 40:15 | Scout Tower |
| 40:22 | Guard Tower |
| 41:46 | Scout Tower |
| 41:46 | Scout Tower |
| 41:47 | Scout Tower |
| 41:47 | Scout Tower |
| 41:48 | Scout Tower |
| 42:41 | Guard Tower |
| 43:22 | Guard Tower |
| 43:23 | Dragonhawk Rider |
| 43:23 | Dragonhawk Rider |
| 43:28 | Dragonhawk Rider |
| 43:52 | Scout Tower |
| 43:53 | Scout Tower |
| 43:54 | Scout Tower |
| 43:54 | Scout Tower |
| 43:54 | Scout Tower |
| 43:55 | Guard Tower |
| 43:57 | Scout Tower |
| 44:20 | Guard Tower |
| 44:52 | Guard Tower |
| 44:53 | Scout Tower |
| 44:54 | Scout Tower |
| 44:54 | Scout Tower |
| 45:49 | Guard Tower |
| 45:50 | Guard Tower |
| 45:52 | Guard Tower |
| 46:12 | Guard Tower |
| 47:21 | Bash |
| 48:00 | Divine Shield |
| 49:28 | Mass Teleport |
| 49:39 | Mass Teleport |
| 50:11 | Gryphon Rider |
| 50:11 | Gryphon Rider |
| Right click | 7715 |
| Select | 1827 |
| Select group | 1105 |
| Build/train/purchase | 329 |
| Use ability | 226 |
| Resource trade | 43 |
| Assign group | 30 |
| Misc. action | 19 |
| Chat | 18 |
| Item give/drop | 11 |
| Minimap ping | 3 |
| Remove unit | 1 |
⇛
iggythefisk
(50:31) : 
| Healing Salve | 2 | 200 |
| Lesser Clarity Potion | 10 | 700 |
| Potion of Mana | 3 | 600 |
| Boots of Speed | 1 | 250 |
| Staff of Teleportation | 1 | 150 |
| Circlet of Nobility | 1 | 175 |
| Scroll of Regeneration | 2 | 200 |
| total: | 20 | 2275g |
| Peon | 30 | 2250 | / | 0 |
| Goblin Zeppelin | 2 | 480 | / | 120 |
| total: | 32 | 2730g | / | 120w |
| Watch Tower | 29 | 3190 | / | 2320 |
| Altar of Storms | 6 | 1080 | / | 300 |
| Orc Burrow | 7 | 1120 | / | 280 |
| War Mill | 4 | 820 | / | 0 |
| Voodoo Lounge | 3 | 390 | / | 90 |
| Great Hall | 2 | 770 | / | 370 |
| Stronghold | 3 | 945 | / | 570 |
| Fortress | 2 | 650 | / | 380 |
| total: | 51 | 7370g | / | 3360w |
| 0:04 | Peon |
| 0:06 | Altar of Storms |
| 0:09 | Peon |
| 0:21 | Orc Burrow |
| 0:21 | Peon |
| 0:40 | War Mill |
| 0:49 | Peon |
| 1:06 | Voodoo Lounge |
| 1:15 | Peon |
| 1:25 | Peon |
| 1:37 | Peon |
| 1:54 | Peon |
| 2:07 | Watch Tower |
| 2:11 | Watch Tower |
| 2:14 | Feral Spirit |
| 2:15 | Peon |
| 2:22 | Peon |
| 2:53 | Watch Tower |
| 3:11 | Watch Tower |
| 3:42 | Boots of Speed |
| 3:43 | Staff of Teleportation |
| 3:45 | Circlet of Nobility |
| 3:52 | Stronghold |
| 4:07 | Healing Salve |
| 4:10 | Lesser Clarity Potion |
| 4:19 | Watch Tower |
| 4:30 | Watch Tower |
| 4:37 | Chain Lighting |
| 5:08 | Watch Tower |
| 5:51 | Watch Tower |
| 5:52 | Watch Tower |
| 5:55 | Orc Burrow |
| 6:40 | Watch Tower |
| 6:41 | Watch Tower |
| 6:46 | Healing Salve |
| 6:49 | Lesser Clarity Potion |
| 7:01 | Fortress |
| 7:03 | Watch Tower |
| 7:24 | Chain Lighting |
| 7:48 | Lesser Clarity Potion |
| 8:03 | Voodoo Lounge |
| 8:16 | Watch Tower |
| 9:01 | Lesser Clarity Potion |
| 9:09 | Watch Tower |
| 9:09 | Watch Tower |
| 9:15 | Goblin Zeppelin |
| 9:21 | Watch Tower |
| 9:22 | Watch Tower |
| 9:24 | Reinforced Defenses |
| 11:16 | Altar of Storms |
| 11:33 | Altar of Storms |
| 11:53 | Watch Tower |
| 12:43 | Orc Burrow |
| 12:54 | Orc Burrow |
| 13:28 | Altar of Storms |
| 13:52 | War Mill |
| 15:20 | Great Hall |
| 16:46 | Great Hall |
| 18:57 | War Mill |
| 19:17 | Feral Spirit |
| 19:58 | Peon |
| 19:58 | Peon |
| 19:58 | Peon |
| 20:21 | Lesser Clarity Potion |
| 20:23 | Scroll of Regeneration |
| 20:25 | Peon |
| 20:25 | Peon |
| 20:25 | Peon |
| 21:05 | Scroll of Regeneration |
| 21:07 | Lesser Clarity Potion |
| 21:29 | Peon |
| 21:38 | Potion of Mana |
| 21:41 | Lesser Clarity Potion |
| 21:53 | Goblin Zeppelin |
| 22:12 | Watch Tower |
| 22:40 | Peon |
| 23:19 | Stronghold |
| 24:23 | Watch Tower |
| 24:25 | Watch Tower |
| 25:19 | Potion of Mana |
| 25:24 | Lesser Clarity Potion |
| 25:30 | Potion of Mana |
| 26:00 | Lesser Clarity Potion |
| 26:06 | Orc Burrow |
| 26:57 | Orc Burrow |
| 28:29 | Altar of Storms |
| 29:36 | Fortress |
| 30:03 | Voodoo Lounge |
| 33:40 | Peon |
| 33:40 | Peon |
| 33:47 | War Mill |
| 33:56 | Peon |
| 33:56 | Peon |
| 34:34 | Chain Lighting |
| 34:59 | Watch Tower |
| 35:10 | Watch Tower |
| 35:11 | Watch Tower |
| 35:22 | Watch Tower |
| 35:27 | Spiked Barricades |
| 35:36 | Peon |
| 35:36 | Peon |
| 35:37 | Peon |
| 35:37 | Peon |
| 35:47 | Altar of Storms |
| 36:02 | Watch Tower |
| 36:08 | Watch Tower |
| 36:17 | Watch Tower |
| 36:21 | Watch Tower |
| 37:10 | Peon |
| 37:45 | Peon |
| 37:45 | Peon |
| 37:45 | Peon |
| 39:39 | Orc Burrow |
| 44:52 | Lesser Clarity Potion |
| Right click | 4151 |
| Assign group | 905 |
| Select | 769 |
| Select group | 362 |
| Build/train/purchase | 230 |
| Use ability | 105 |
| Resource trade | 48 |
| Chat | 33 |
| Item give/drop | 9 |
| Minimap ping | 6 |
| Misc. action | 4 |
196 units @ 27.1k
/ 4.7k
94 buildings @ 10.6k
/ 5.6k


x1)
| Healing Salve | 5 | 500 |
| Scroll of Speed | 2 | 100 |
| Lesser Clarity Potion | 3 | 210 |
| Potion of Healing | 4 | 600 |
| Scroll of Town Portal | 1 | 350 |
| Potion of Lesser Invulnerability | 1 | 150 |
| Tome of Retraining | 1 | 300 |
| total: | 17 | 2210g |
| Peon | 18 | 1350 | / | 0 |
| Grunt | 5 | 1000 | / | 0 |
| Demolisher | 3 | 660 | / | 150 |
| Troll Batrider | 16 | 2560 | / | 640 |
| Troll Witch Doctor | 15 | 2175 | / | 375 |
| Raider | 11 | 1980 | / | 440 |
| Shaman | 4 | 520 | / | 80 |
| Goblin Shredder | 1 | 375 | / | 100 |
| total: | 73 | 10620g | / | 1785w |
| Watch Tower | 16 | 1760 | / | 1280 |
| Altar of Storms | 1 | 180 | / | 50 |
| Orc Burrow | 4 | 640 | / | 160 |
| Barracks | 2 | 360 | / | 100 |
| Voodoo Lounge | 1 | 130 | / | 30 |
| War Mill | 1 | 205 | / | 0 |
| Great Hall | 2 | 770 | / | 370 |
| Beastiary | 3 | 435 | / | 420 |
| Spirit Lodge | 1 | 150 | / | 150 |
| Stronghold | 1 | 315 | / | 190 |
| Fortress | 1 | 325 | / | 190 |
| total: | 31 | 4630g | / | 2560w |
| 0:02 | Peon |
| 0:02 | Peon |
| 0:04 | Altar of Storms |
| 0:12 | Orc Burrow |
| 0:26 | Peon |
| 0:38 | Barracks |
| 0:46 | Peon |
| 0:57 | Peon |
| 1:14 | Peon |
| 1:26 | Orc Burrow |
| 1:38 | Grunt |
| 1:52 | Voodoo Lounge |
| 2:00 | Peon |
| 2:03 | Endurance Aura |
| 2:19 | Grunt |
| 3:12 | Healing Salve |
| 3:12 | Healing Salve |
| 3:21 | War Mill |
| 3:48 | Stronghold |
| 4:02 | Grunt |
| 4:14 | Orc Burrow |
| 4:48 | War Stomp |
| 4:51 | Grunt |
| 5:10 | Watch Tower |
| 5:21 | Barracks |
| 5:48 | Watch Tower |
| 5:53 | Watch Tower |
| 6:05 | Scroll of Speed |
| 6:15 | Demolisher |
| 6:24 | Orc Burrow |
| 7:04 | Demolisher |
| 7:20 | Great Hall |
| 7:46 | Demolisher |
| 8:35 | Lesser Clarity Potion |
| 8:36 | Potion of Healing |
| 8:40 | Healing Salve |
| 8:54 | Steel Ranged Weapons |
| 9:21 | Reinforced Defenses |
| 10:30 | Hex |
| 11:14 | Beastiary |
| 11:16 | Beastiary |
| 11:24 | War Stomp |
| 11:26 | Peon |
| 11:26 | Peon |
| 11:26 | Peon |
| 11:26 | Peon |
| 11:52 | Grunt |
| 11:54 | Healing Salve |
| 11:54 | Potion of Healing |
| 11:54 | Scroll of Speed |
| 11:54 | Healing Salve |
| 11:55 | Potion of Healing |
| 11:55 | Lesser Clarity Potion |
| 12:02 | Peon |
| 12:04 | Watch Tower |
| 12:06 | Watch Tower |
| 12:24 | Goblin Shredder |
| 12:36 | Peon |
| 12:51 | Troll Batrider |
| 13:21 | Watch Tower |
| 13:37 | Fortress |
| 14:06 | Scroll of Town Portal |
| 14:06 | Lesser Clarity Potion |
| 14:07 | Potion of Healing |
| 14:10 | Troll Batrider |
| 14:25 | Watch Tower |
| 14:35 | Spirit Lodge |
| 14:37 | Troll Batrider |
| 14:54 | Thorium Ranged Weapons |
| 15:04 | Troll Batrider |
| 15:18 | Potion of Lesser Invulnerability |
| 15:29 | Watch Tower |
| 15:40 | Troll Batrider |
| 15:49 | Tome of Retraining |
| 15:49 | Retrain Hero |
| 15:57 | Shockwave |
| 15:58 | Endurance Aura |
| 16:05 | Peon |
| 16:05 | Peon |
| 16:14 | Liquid Fire |
| 16:17 | Peon |
| 16:23 | Watch Tower |
| 16:43 | Troll Batrider |
| 16:46 | Troll Witch Doctor |
| 17:26 | Arcanite Ranged Weapons |
| 17:27 | Steel Armor |
| 18:14 | Troll Batrider |
| 18:14 | Troll Batrider |
| 18:57 | Troll Witch Doctor |
| 18:58 | Witch Doctor Adept Training |
| 19:06 | Peon |
| 19:06 | Peon |
| 19:59 | Troll Batrider |
| 20:00 | Troll Batrider |
| 20:01 | Thorium Armor |
| 20:05 | Watch Tower |
| 20:31 | Healing Wave |
| 20:39 | Witch Doctor Master Training |
| 20:40 | Troll Witch Doctor |
| 20:50 | Watch Tower |
| 21:12 | Troll Batrider |
| 21:14 | Beastiary |
| 21:53 | Ensnare |
| 21:54 | Raider |
| 22:07 | Great Hall |
| 22:17 | Watch Tower |
| 22:18 | Watch Tower |
| 22:26 | Watch Tower |
| 22:28 | Watch Tower |
| 22:34 | Watch Tower |
| 23:30 | Endurance Aura |
| 24:28 | Raider |
| 25:57 | Raider |
| 25:58 | Pillage |
| 26:49 | Troll Witch Doctor |
| 26:49 | Troll Witch Doctor |
| 27:19 | Raider |
| 28:05 | Troll Batrider |
| 28:05 | Troll Batrider |
| 28:44 | Healing Wave |
| 29:28 | Arcanite Armor |
| 29:29 | Steel Melee Weapons |
| 29:41 | Troll Witch Doctor |
| 29:41 | Troll Witch Doctor |
| 29:41 | Troll Witch Doctor |
| 30:32 | Raider |
| 30:50 | Raider |
| 32:09 | Shaman Adept Training |
| 32:10 | Troll Batrider |
| 32:11 | Troll Batrider |
| 32:11 | Troll Batrider |
| 33:07 | Shockwave |
| 33:35 | Hex |
| 33:40 | Troll Witch Doctor |
| 33:40 | Troll Witch Doctor |
| 33:40 | Troll Witch Doctor |
| 34:54 | Raider |
| 34:57 | Troll Witch Doctor |
| 34:57 | Troll Witch Doctor |
| 34:58 | Shaman Master Training |
| 34:58 | Shaman |
| 34:58 | Shaman |
| 34:59 | Shaman |
| 35:20 | Thorium Melee Weapons |
| 37:42 | Raider |
| 38:10 | Raider |
| 39:06 | Troll Witch Doctor |
| 39:06 | Troll Witch Doctor |
| 41:47 | Reincarnation |
| 42:26 | Raider |
| 42:43 | Healing Wave |
| 44:35 | Shaman |
| 49:26 | Raider |
| Right click | 3803 |
| Select group | 3658 |
| Select | 2020 |
| Use ability | 367 |
| Misc. action | 174 |
| Build/train/purchase | 159 |
| Assign group | 129 |
| Minimap ping | 11 |
| Resource trade | 10 |
| Item give/drop | 7 |
| Remove unit | 1 |



x1)
| Tome of Retraining | 1 | 300 |
| total: | 1 | 300g |
| Peasant | 33 | 2475 | / | 0 |
| Footman | 18 | 2430 | / | 0 |
| Siege Engine | 3 | 585 | / | 180 |
| Mortar Team | 2 | 360 | / | 140 |
| Dragonhawk Rider | 12 | 2400 | / | 360 |
| total: | 68 | 8250g | / | 680w |
| Scout Tower | 15 | 450 | / | 300 |
| Arcane Tower | 2 | 140 | / | 100 |
| Guard Tower | 10 | 700 | / | 500 |
| Altar of Kings | 1 | 180 | / | 50 |
| Barracks | 1 | 160 | / | 60 |
| Farm | 10 | 800 | / | 200 |
| Town Hall | 1 | 385 | / | 205 |
| Lumber Mill | 1 | 120 | / | 0 |
| Blacksmith | 1 | 140 | / | 60 |
| Arcane Vault | 1 | 130 | / | 30 |
| Workshop | 3 | 420 | / | 420 |
| Gryphon Aviary | 3 | 420 | / | 450 |
| Keep | 1 | 320 | / | 210 |
| Castle | 1 | 360 | / | 210 |
| total: | 37 | 3205g | / | 1775w |
| 0:03 | Peasant |
| 0:03 | Peasant |
| 0:11 | Altar of Kings |
| 0:20 | Barracks |
| 0:35 | Farm |
| 0:42 | Peasant |
| 0:58 | Peasant |
| 1:04 | Farm |
| 1:12 | Peasant |
| 1:20 | Peasant |
| 1:22 | Footman |
| 1:47 | Footman |
| 1:51 | Scout Tower |
| 1:54 | Farm |
| 2:09 | Peasant |
| 2:15 | Summon Water Elemental |
| 2:18 | Footman |
| 2:27 | Arcane Tower |
| 2:29 | Peasant |
| 2:35 | Farm |
| 2:42 | Footman |
| 2:44 | Peasant |
| 3:01 | Footman |
| 3:21 | Footman |
| 3:23 | Peasant |
| 4:03 | Brilliance Aura |
| 4:09 | Town Hall |
| 4:11 | Scout Tower |
| 4:12 | Scout Tower |
| 4:32 | Footman |
| 4:33 | Peasant |
| 4:39 | Lumber Mill |
| 4:47 | Peasant |
| 4:51 | Arcane Tower |
| 5:08 | Peasant |
| 5:26 | Peasant |
| 5:59 | Guard Tower |
| 6:00 | Peasant |
| 6:00 | Peasant |
| 6:45 | Peasant |
| 6:46 | Peasant |
| 7:00 | Scout Tower |
| 7:02 | Scout Tower |
| 7:04 | Peasant |
| 7:04 | Peasant |
| 7:05 | Footman |
| 7:09 | Summon Water Elemental |
| 7:26 | Blacksmith |
| 7:31 | Peasant |
| 7:31 | Peasant |
| 7:31 | Peasant |
| 7:34 | Keep |
| 7:35 | Footman |
| 7:45 | Guard Tower |
| 7:47 | Guard Tower |
| 7:49 | Scout Tower |
| 7:54 | Peasant |
| 8:15 | Guard Tower |
| 8:19 | Scout Tower |
| 8:32 | Footman |
| 8:33 | Footman |
| 8:36 | Improved Masonry |
| 8:43 | Peasant |
| 8:45 | Scout Tower |
| 8:49 | Footman |
| 8:50 | Iron Forged Swords |
| 8:56 | Peasant |
| 8:57 | Peasant |
| 8:57 | Peasant |
| 8:58 | Peasant |
| 9:11 | Guard Tower |
| 9:13 | Scout Tower |
| 9:17 | Footman |
| 9:25 | Arcane Vault |
| 9:44 | Footman |
| 9:46 | Defend |
| 9:49 | Guard Tower |
| 9:50 | Scout Tower |
| 9:52 | Peasant |
| 9:58 | Scout Tower |
| 10:32 | Castle |
| 11:14 | Footman |
| 11:16 | Workshop |
| 11:18 | Workshop |
| 11:21 | Improved Lumber Harvesting |
| 11:22 | Guard Tower |
| 11:24 | Peasant |
| 11:24 | Peasant |
| 11:24 | Peasant |
| 12:15 | Storm Bolt |
| 12:21 | Footman |
| 12:28 | Workshop |
| 12:46 | Footman |
| 12:49 | Advanced Masonry |
| 12:52 | Guard Tower |
| 12:53 | Scout Tower |
| 13:18 | Footman |
| 13:22 | Farm |
| 14:07 | Siege Engine |
| 14:28 | Animal War Training |
| 14:34 | Advanced Lumber Harvesting |
| 14:35 | Farm |
| 14:37 | Farm |
| 15:10 | Barrage |
| 15:11 | Siege Engine |
| 15:11 | Siege Engine |
| 15:18 | Scout Tower |
| 15:21 | Scout Tower |
| 15:24 | Farm |
| 15:28 | Farm |
| 15:38 | Black Gunpowder |
| 16:09 | Holy Light |
| 16:31 | Farm |
| 16:49 | Gryphon Aviary |
| 16:51 | Gryphon Aviary |
| 17:06 | Fragmentation Shards |
| 17:07 | Mortar Team |
| 17:10 | Refined Gunpowder |
| 17:26 | Guard Tower |
| 17:27 | Guard Tower |
| 17:28 | Scout Tower |
| 17:32 | Imbued Masonry |
| 18:43 | Cloud |
| 18:44 | Dragonhawk Rider |
| 19:09 | Gryphon Aviary |
| 19:55 | Dragonhawk Rider |
| 20:38 | Dragonhawk Rider |
| 21:31 | Dragonhawk Rider |
| 21:31 | Dragonhawk Rider |
| 22:41 | Dragonhawk Rider |
| 23:37 | Bash |
| 24:32 | Mortar Team |
| 25:01 | Devotion Aura |
| 25:21 | Brilliance Aura |
| 27:48 | Dragonhawk Rider |
| 28:11 | Dragonhawk Rider |
| 29:22 | Dragonhawk Rider |
| 30:56 | Dragonhawk Rider |
| 31:24 | Storm Bolt |
| 33:04 | Holy Light |
| 34:07 | Dragonhawk Rider |
| 35:50 | Summon Water Elemental |
| 39:05 | Bash |
| 40:53 | Tome of Retraining |
| 40:53 | Retrain Hero |
| 41:07 | Blizzard |
| 41:07 | Blizzard |
| 41:08 | Blizzard |
| 41:08 | Blizzard |
| 41:08 | Brilliance Aura |
| 41:08 | Brilliance Aura |
| 41:39 | Devotion Aura |
| 43:19 | Dragonhawk Rider |
| 48:08 | Storm Bolt |
| 48:56 | Mass Teleport |
| 49:07 | Brilliance Aura |
| Right click | 2300 |
| Select group | 799 |
| Select | 696 |
| Build/train/purchase | 177 |
| Use ability | 131 |
| Misc. action | 123 |
| Assign group | 71 |
| Chat | 16 |
| Resource trade | 12 |
| Minimap ping | 8 |
| Remove unit | 5 |
| Esc | 1 |



| Scroll of Regeneration | 1 | 100 |
| Lesser Clarity Potion | 1 | 70 |
| Scroll of Healing | 2 | 500 |
| Scroll of Town Portal | 1 | 350 |
| total: | 5 | 1020g |
| Peasant | 18 | 1350 | / | 0 |
| Rifleman | 9 | 1845 | / | 270 |
| Mortar Team | 28 | 5040 | / | 1960 |
| total: | 55 | 8235g | / | 2230w |
| Scout Tower | 7 | 210 | / | 140 |
| Arcane Tower | 3 | 210 | / | 150 |
| Guard Tower | 6 | 420 | / | 300 |
| Blacksmith | 1 | 140 | / | 60 |
| Barracks | 1 | 160 | / | 60 |
| Altar of Kings | 1 | 180 | / | 50 |
| Farm | 10 | 800 | / | 200 |
| Arcane Vault | 1 | 130 | / | 30 |
| Lumber Mill | 1 | 120 | / | 0 |
| Town Hall | 2 | 770 | / | 410 |
| Workshop | 2 | 280 | / | 280 |
| Keep | 2 | 640 | / | 420 |
| Castle | 2 | 720 | / | 420 |
| total: | 26 | 2790g | / | 1230w |
| 0:02 | Peasant |
| 0:02 | Peasant |
| 0:12 | Peasant |
| 0:21 | Peasant |
| 0:49 | Peasant |
| 1:07 | Blacksmith |
| 1:09 | Barracks |
| 1:14 | Altar of Kings |
| 1:17 | Farm |
| 1:18 | Peasant |
| 1:23 | Farm |
| 1:32 | Peasant |
| 1:43 | Peasant |
| 2:09 | Scout Tower |
| 2:18 | Rifleman |
| 2:18 | Rifleman |
| 2:26 | Rifleman |
| 2:28 | Peasant |
| 2:28 | Peasant |
| 2:36 | Arcane Tower |
| 2:42 | Farm |
| 2:51 | Rifleman |
| 3:22 | Rifleman |
| 3:31 | Holy Light |
| 3:48 | Farm |
| 4:01 | Peasant |
| 4:06 | Devotion Aura |
| 4:18 | Arcane Vault |
| 4:21 | Lumber Mill |
| 4:34 | Rifleman |
| 5:04 | Keep |
| 5:06 | Farm |
| 5:35 | Rifleman |
| 6:00 | Rifleman |
| 6:25 | Black Gunpowder |
| 6:26 | Scout Tower |
| 6:27 | Scout Tower |
| 6:28 | Rifleman |
| 7:05 | Guard Tower |
| 7:06 | Arcane Tower |
| 7:10 | Scout Tower |
| 7:11 | Farm |
| 7:39 | Workshop |
| 7:45 | Guard Tower |
| 8:21 | Refined Gunpowder |
| 8:45 | Siphon Mana |
| 8:55 | Mortar Team |
| 8:55 | Mortar Team |
| 8:58 | Workshop |
| 9:13 | Farm |
| 9:36 | Mortar Team |
| 9:37 | Mortar Team |
| 10:42 | Mortar Team |
| 10:44 | Scroll of Healing |
| 11:28 | Mortar Team |
| 11:51 | Mortar Team |
| 12:25 | Holy Light |
| 13:03 | Farm |
| 13:18 | Town Hall |
| 14:04 | Mortar Team |
| 14:28 | Flare |
| 14:30 | Peasant |
| 14:32 | Scout Tower |
| 14:32 | Scout Tower |
| 14:32 | Scout Tower |
| 14:51 | Mortar Team |
| 15:21 | Peasant |
| 15:21 | Peasant |
| 15:22 | Improved Lumber Harvesting |
| 15:25 | Guard Tower |
| 16:03 | Mortar Team |
| 16:23 | Guard Tower |
| 16:27 | Peasant |
| 16:51 | Peasant |
| 16:52 | Peasant |
| 16:54 | Farm |
| 17:02 | Scroll of Healing |
| 17:13 | Peasant |
| 17:14 | Farm |
| 18:28 | Castle |
| 18:29 | Scroll of Regeneration |
| 18:29 | Lesser Clarity Potion |
| 18:32 | Scroll of Town Portal |
| 18:36 | Mortar Team |
| 18:53 | Improved Masonry |
| 19:01 | Mortar Team |
| 20:01 | Mortar Team |
| 21:21 | Mortar Team |
| 21:21 | Fragmentation Shards |
| 21:35 | Imbued Gunpowder |
| 21:54 | Mortar Team |
| 22:35 | Flame Strike |
| 22:56 | Storm Bolt |
| 23:10 | Mortar Team |
| 24:05 | Thunder Clap |
| 25:26 | Mortar Team |
| 25:58 | Devotion Aura |
| 26:50 | Mortar Team |
| 27:47 | Mortar Team |
| 28:22 | Mortar Team |
| 28:51 | Mortar Team |
| 28:54 | Flame Strike |
| 29:21 | Mortar Team |
| 29:32 | Studded Leather Armor |
| 32:42 | Mortar Team |
| 33:32 | Mortar Team |
| 35:19 | Mortar Team |
| 37:25 | Mortar Team |
| 38:07 | Mortar Team |
| 39:42 | Mortar Team |
| 39:49 | Storm Bolt |
| 41:49 | Town Hall |
| 42:45 | Siphon Mana |
| Right click | 3249 |
| Select | 1009 |
| Select group | 422 |
| Use ability | 239 |
| Build/train/purchase | 146 |
| Chat | 99 |
| Assign group | 49 |
| Misc. action | 35 |
| Minimap ping | 26 |
| Resource trade | 10 |
| Remove unit | 4 |
| Item give/drop | 2 |
| Esc | 2 |